 Dungeon Crawl Stone Soup version 0.23.1-37-gaa34b87b72 (webtiles) character file.

Game seed: 10380500865756687890

602 Devinter the Ducker (level 7, -1/47 HPs)
             Began as an Octopode Transmuter on Mar 26, 2019.
             Slain by a centaur skeleton (3 damage)
             ... on level 6 of the Dungeon.
             The game lasted 00:38:07 (5795 turns).

Devinter the Ducker (Octopode Transmuter)           Turns: 5795, Time: 00:38:07

Health: -1/47      AC:  1    Str: 14    XL:     7   Next: 41%
Magic:  11/11      EV: 15    Int: 16    God:
Gold:   152        SH:  0    Dex: 14    Spells: 5/12 levels left

rFire    + . .     SeeInvis .     - Unarmed
rCold    x . .     Gourm    .   (no shield)
rNeg     . . .     Faith    .   (helmet restricted)
rPois    .         Spirit   .   (no amulet)
rElec    .         Reflect  .   F - ring of fire
rCorr    .         Harm     .   (no ring)
MR       .....                  (no ring)
Stlth    ++........             (no ring)
HPRegen  0.15/turn              (no ring)
MPRegen  0.12/turn              (no ring)
                                (no ring)
                                (no ring)

@: mighty
A: almost no armour, stealthy swim, amphibious, 8 rings, constrict 8, camouflage
1, gelatinous body 1
a: no special abilities


You were on level 6 of the Dungeon.
You were not hungry.

You visited 1 branch of the dungeon, and saw 6 of its levels.

You collected 152 gold pieces.

Inventory:

Hand Weapons
 i - a +0 hunting sling
 p - a +1 spear of venom
 r - a cursed +0 long sword
 E - a +1 dagger of speed
Missiles
 a - 87 arrows
 b - 237 stones
 g - 6 javelins (quivered)
 h - 47 bolts
Jewellery
 j - an uncursed amulet of guardian spirit {unknown}
 o - a cursed amulet of inaccuracy {unknown}
 w - a +3 amulet of reflection {unknown}
 F - a ring of fire (left tentacle)
Wands
 e - a wand of scattershot (6)
 q - a wand of digging (3)
 B - a wand of paralysis (10)
Scrolls
 d - 2 scrolls of identify {unknown}
 f - 3 scrolls of magic mapping {unknown}
 k - a scroll of enchant weapon {unknown}
 s - a scroll of fear {unknown}
 t - 2 scrolls of teleportation {unknown}
 v - 2 scrolls of remove curse {unknown}
 x - a scroll of immolation {unknown}
 y - a scroll of blinking {unknown}
Potions
 l - 3 potions of curing
 m - a potion of haste
 n - a potion of berserk rage {unknown}
 u - a potion of flight {unknown}
 z - a potion of heal wounds {unknown}
 A - a potion of resistance {unknown}
 C - a potion of might
 D - a potion of lignification {unknown}
Comestibles
 c - 8 rations


   Skills:
 * Level 3.9 Fighting
 * Level 4.5 Dodging
 + Level 4.0 Unarmed Combat
 + Level 3.2 Spellcasting
 - Level 3.0 Transmutations
 + Level 2.7 Poison Magic


You had 5 spell levels left.
You knew the following spells:

 Your Spells              Type           Power        Failure   Level  Hunger
a - Beastly Appendage     Tmut           ##....       5%          1    None
b - Sticks to Snakes      Tmut           ##......     9%          2    ##.....
c - Spider Form           Tmut/Pois      ##........   17%         3    ###....
d - Magic Dart            Conj           #...         19%         1    None

Your spell library contained the following spells:

 Spells                   Type           Power        Failure   Level  Hunger
 Animate Skeleton         Necr           N/A          19%         1    None
 Pain                     Necr           #...         19%         1    None
 Blink                    Tloc           N/A          28%         2    ##.....
 Call Imp                 Summ           #.......     28%         2    ##.....
 Slow                     Hex            #.......     28%         2    ##.....
 Mephitic Cloud           Conj/Pois/Air  #.......     36%         3    ###....
 Conjure Flame            Conj/Fire      #.......     50%         3    ###....
 Regeneration             Chrm/Necr      #.........   50%         3    ###....
 Vampiric Draining        Necr           #.........   50%         3    ###....
 Ice Form                 Ice/Tmut       #.......     69%         4    ####...
 Blade Hands              Tmut           ##........   83%         5    ######.
 Animate Dead             Necr           N/A          88%         4    ####...


Dungeon Overview and Level Annotations

Branches:
Dungeon (6/15)
 Temple: D:4-7

Altars:
Cheibriados
Dithmenos
Nemelex Xobeh
Okawaru
Qazlal
Ru
Vehumet
Wu Jian
Yredelemnul
Zin

Annotations:
D:5 Menkaure


Innate Abilities, Weirdness & Mutations

You cannot wear most types of armour.
You are very stealthy in the water. (Stealth+)
You are amphibious.
You can wear up to eight rings at the same time.
You can use your tentacles to constrict eight enemies at once.
Your skin changes colour to match your surroundings (Stealth+).
Your rubbery body absorbs attacks. (AC +1, EV +1)


Message History

The orc shouts!
The gnoll shaman calls upon its god to speed up the gnoll.
The gnoll seems to speed up.
The gnoll shaman calls upon its god to speed up something.
A gnoll comes into view. It is wielding a +0 spear.
A worker ant comes into view.
The worker ant twitches its antennae in your direction.
Found a quarterstaff.
A worker ant zombie comes into view.
The worker ant barely misses you. The worker ant bites you.
* * * LOW HITPOINT WARNING * * *
The centaur skeleton barely misses you.
Found a scroll labeled NEOM DIH BUINE.
The centaur skeleton hits you.
* * * LOW HITPOINT WARNING * * *
It was a potion of might.
You feel very mighty all of a sudden. The centaur skeleton hits you.
You die...

####### #.....#
###.###### #.....# ###
#....?@Za# ##..#..###.#
#.#.####.###...#Z....#.
#.....#####.##.#
#####...#...##.#
##..#..###.. #...# ##.
##### #. ###### #.
....o ####.


You could see a worker ant and a centaur skeleton.

Vanquished Creatures
  A phantom (D:5)
  A hound (D:5)
  5 orc wizards
  A bullfrog skeleton (D:4)
  3 worker ants
  A mummy (D:5)
  9 adders
  4 gnolls (D:2)
  An ooze (D:3)
  An adder zombie (D:2)
  2 worms
  A dart slug (D:1)
  5 leopard geckos
  6 orcs
  5 giant cockroaches
  12 goblins
  6 hobgoblins
  3 quokkas
  A ball python (D:3)
  8 bats
  5 frilled lizards
  7 kobolds
  A leopard gecko skeleton (D:4)
  2 rats (D:3)
91 creatures vanquished.

Vanquished Creatures (collateral kills)
  An ogre (D:4)
  A frilled lizard (D:4)
2 creatures vanquished.

Grand Total: 93 creatures vanquished

Notes
Turn   | Place    | Note
-------+----------+-------------------------------------------
     0 | D:1      | Devinter the Octopode Transmuter began the quest for the
                  | Orb.
     0 | D:1      | Reached XP level 1. HP: 13/13 MP: 3/3
   163 | D:1      | Reached XP level 2. HP: 8/18 MP: 3/5
   174 | D:1      | Learned a level 2 spell: Sticks to Snakes
   819 | D:1      | Reached XP level 3. HP: 16/23 MP: 6/6
   943 | D:1      | Learned a level 3 spell: Spider Form
  1605 | D:2      | Reached skill level 2 in Fighting
  1639 | D:2      | Reached XP level 4. HP: 24/29 MP: 5/7
  1722 | D:2      | Learned a level 1 spell: Magic Dart
  1823 | D:2      | Found a glowing silver altar of Zin.
  1894 | D:2      | Reached skill level 3 in Dodging
  1901 | D:2      | Reached skill level 1 in Poison Magic
  2362 | D:3      | Reached XP level 5. HP: 34/35 MP: 4/8
  2648 | D:3      | Found an iron altar of Okawaru.
  2648 | D:3      | Found a sacrificial altar of Ru.
  2653 | D:3      | Found a basalt altar of Yredelemnul.
  2655 | D:3      | Found a stormy altar of Qazlal.
  2656 | D:3      | Found a radiant altar of Vehumet.
  2875 | D:3      | Found a stormy altar of Qazlal.
  2893 | D:3      | Found a sparkling altar of Nemelex Xobeh.
  3846 | D:4      | Noticed an ogre
  3863 | D:4      | Killed an ogre
  3863 | D:4      | Reached skill level 3 in Fighting
  3863 | D:4      | Reached XP level 6. HP: 39/42 MP: 4/10
  4080 | D:4      | Found an ornate altar of the Wu Jian Council.
  4311 | D:4      | Reached skill level 2 in Poison Magic
  4647 | D:4      | Reached skill level 3 in Transmutations
  4764 | D:5      | Entered Level 5 of the Dungeon
  4785 | D:5      | Noticed Menkaure
  4970 | D:5      | Reached skill level 4 in Dodging
  5111 | D:5      | Found a snail-covered altar of Cheibriados.
  5170 | D:5      | Reached skill level 3 in Spellcasting
  5262 | D:5      | Reached XP level 7. HP: 46/46 MP: 4/11
  5548 | D:5      | Found a shadowy altar of Dithmenos.
  5583 | D:5      | Reached skill level 4 in Unarmed Combat
  5794 | D:6      | HP: 2/47 [centaur skeleton (6)]
  5795 | D:6      | Slain by a centaur skeleton

Skill      XL: |  1  2  3  4  5  6  7 |
---------------+----------------------+-----
Fighting       | 2 3 |  3.9
Dodging        | 3 4 |  4.5
Poison Magic   | 1 2 |  2.7
Transmutations | 3 |  3.0
Spellcasting   | 3 |  3.2
Unarmed Combat | 4 |  4.0

Action                   |  1- 3 |  4- 6 |  7- 9 || total
-------------------------+-------+-------+-------++-------
Melee: Unarmed           |    79 |   142 |    33 ||   254
       Constrict         |    22 |    31 |     1 ||    54
       Kick              |    17 |    35 |     3 ||    55
       Tentacles         |    15 |    15 |     3 ||    33
       Dagger            |       |     5 |       ||     5
       Punch             |       |     2 |       ||     2
Throw: Stone             |       |       |     4 ||     4
       Javelin           |       |       |     1 ||     1
 Cast: Beastly Appendage |    22 |    21 |     3 ||    46
       Spider Form       |     1 |     6 |     1 ||     8
       Sticks to Snakes  |       |     2 |       ||     2
       Magic Dart        |       |     5 |     8 ||    13
  Use: Potion            |       |     1 |     1 ||     2
 Stab: Sleeping          |     5 |     4 |       ||     9
  Eat: Chunk             |     3 |     9 |     2 ||    14
       Ration            |       |     1 |       ||     1
Armor: Skin              |    11 |     3 |       ||    14
Dodge: Dodged            |    42 |    82 |    17 ||   141
